 Dungeon Crawl Stone Soup version 0.24-a0-201-gf205589 (webtiles) character file.

Game seed: 17575140548977646078

7793 Ivan the Basher (level 11, -10/101 HPs)
             Began as a Minotaur Abyssal Knight on Mar 24, 2019.
             Was a High Priest of Lugonu.
             Killed by divine providence
             ... invoked by an orc priest
              (12 damage)
             ... on level 10 of the Dungeon.
             The game lasted 00:31:26 (8039 turns).

Ivan the Basher (Minotaur Abyssal Knight)           Turns: 8039, Time: 00:31:29

Health: -10/101    AC: 16    Str: 25    XL:     11   Next: 1%
Magic:  14/14      EV: 10    Int: 13    God:    Lugonu [*****.]
Gold:   546        SH:  0    Dex: 10    Spells: 10/10 levels left

rFire    + + .     SeeInvis .   n - +6 mace "Concordance" {crush, *Noise rF++ MR+ Int+4}
rCold    . . .     Gourm    .   (no shield)
rNeg     . . .     Faith    .   b - +0 plate armour
rPois    .         Spirit   .   (helmet restricted)
rElec    .         Reflect  .   (no cloak)
rCorr    .         Harm     .   q - +0 pair of gloves
MR       +....                  (no boots)
Stlth    ..........             (no amulet)
HPRegen  0.26/turn              (no ring)
MPRegen  0.14/turn              (no ring)

@: mighty, about to teleport, studying Polearms
A: retaliatory headbutt, horns 2
a: Depart the Abyss, Bend Space, Banish, Corrupt, Enter the Abyss, Renounce
Religion


You were on level 10 of the Dungeon.
You worshipped Lugonu.
Lugonu was extremely pleased with you.
You were not hungry.

You visited 1 branch of the dungeon, and saw 10 of its levels.
You visited the Abyss 1 time.

You collected 546 gold pieces.

Inventory:

Hand Weapons
 n - the +6 mace "Concordance" (weapon) {crush, *Noise rF++ MR+ Int+4}
   (You found it on level 4 of the Dungeon)

   It inflicts extra damage upon your enemies.
   It affects your intelligence (+4).
   It greatly protects you from fire.
   It affects your resistance to hostile enchantments.
   It may make noises in combat.
Armour
 b - a +0 plate armour (worn)
 q - a +0 pair of gloves (worn)
Wands
 g - a wand of flame (14)
 h - a wand of random effects (40)
 j - a wand of digging (5)
 s - a wand of iceblast (18)
Scrolls
 a - 2 scrolls of blinking
 d - 7 scrolls of teleportation
 e - 6 scrolls of remove curse
 i - a scroll of immolation
 k - 2 scrolls of fog
 o - a scroll of enchant weapon {unknown}
 t - a scroll of magic mapping
 u - 2 scrolls of enchant armour
 v - a scroll of amnesia
Potions
 f - a potion of might
 l - 4 potions of lignification
 p - 4 potions of haste
 w - a potion of resistance
Books
 r - a manual of Polearms
Comestibles
 c - 16 rations
 x - 5 chunks of flesh


   Skills:
 * Level 10.4 Fighting
 + Level 11.0 Maces & Flails
 + Level 10.0 Armour
 * Level 6.8 Dodging
 - Level 0.5 Stealth
 * Level 6.1 Invocations


You had 10 spell levels left.
You didn't know any spells.
Your spell library contained the following spells:

 Spells                   Type           Power        Failure   Level  Hunger
 Magic Dart               Conj           #...         97%         1    ##.....
 Sting                    Conj/Pois      #...         97%         1    ##.....
 Poisonous Vapours        Pois/Air       #.....       99%         2    ###....
 Searing Ray              Conj           #.....       99%         2    ###....
 Dazzling Spray           Conj/Hex       #.....       100%        3    ####...
 Mephitic Cloud           Conj/Pois/Air  #.......     100%        3    ####...
 Force Lance              Conj/Tloc      #.......     100%        4    #####..
 Fulminant Prism          Conj/Hex       #.........   100%        4    #####..
 Iskenderun's Mystic Bla  Conj           #.......     100%        4    #####..
 Olgreb's Toxic Radiance  Pois           #.......     100%        4    #####..
 Venom Bolt               Conj/Pois      #.........   100%        5    ######.


Dungeon Overview and Level Annotations

Branches:
Dungeon (10/15)            Temple (0/1) D:7            Lair (0/6) D:10
    Orc: D:9-12

Altars:
Cheibriados
Fedhas
Gozag
Hepliaklqana
Nemelex Xobeh
Okawaru
Ru
Uskayaw
Wu Jian
Xom
Yredelemnul
Jiyva

Annotations:
D:8 corrupted, 1 runed translucent door, elbee's ghost, novice MiBe


Innate Abilities, Weirdness & Mutations

You reflexively headbutt those who attack you in melee.
You have a pair of horns on your head.


Message History

Beogh smites you!
* * * LOW HITPOINT WARNING * * *
You bludgeon the orc wizard!!
You kill the orc wizard!
Lugonu accepts your kill.
The orc wizard hits you but does no damage.
The warg bites you but does no damage.
You hit the orc warrior.
The orc warrior is lightly wounded.
The orc wizard hits you but does no damage.
The warg bites you!
* * * LOW HITPOINT WARNING * * *
The orc wizard hits you but does no damage.
As you read the scroll of teleportation, it crumbles to dust.
You feel strangely unstable. The warg bites you!
* * * LOW HITPOINT WARNING * * *
A troll comes into view.
The orc priest calls down the wrath of Beogh upon you.
Beogh smites you!
You die...

#.....# .. #.....# ..
#... #####o.o..#
...#...##...#.....#
..#........#.....###'
.'........#.........
#...##..##T.........
#...##.o#oo.........
##......@ooo.........
#.......h#o..........
#....##..#...........
#....######.....####
#####........#.....#
##.)#######...#.....#
#...##...##...#.....#
####
######.......##...#.....#
#...
.....#.......##'###.....#
#...


You could see a troll, a warg, an orc warrior, 2 orc priests, 2 orc wizards and
2 orcs.

Vanquished Creatures
  A troll (D:10)
  3 hippogriffs
  10 yaks
  A warg (D:10)
  Duvessa (D:5)
  3 ice beasts
  A sky beast (D:9)
  A black bear (D:9)
  An eye of draining (D:10)
  A necrophage (D:9)
  3 orc warriors
  8 ogres
  9 centaurs
  A crocodile (D:7)
  Blork the orc (D:5)
  3 bullfrogs
  A gnoll sergeant (D:9)
  Dowan (D:5)
  4 scorpions
  2 howler monkeys
  10 killer bees (D:9)
  A wight (Abyss:1)
  3 bullfrog zombies
  6 crimson imps
  A quasit (Abyss:1)
  5 orc priests
  2 hounds
  5 jellies
  8 orc wizards
  2 bullfrog skeletons
  A gnoll shaman (D:4)
  Ijyb (D:3)
  Natasha (twice) (D:2)
  Terence (D:2)
  3 iguanas
  6 worker ants
  A hound zombie (D:5)
  A howler monkey zombie (D:6)
  2 worker ant zombies
  16 gnolls
  4 adders
  A shadow imp (D:10)
  7 oozes
  6 worms
  3 dart slugs
  3 leopard geckos
  37 orcs
  9 giant cockroaches
  4 goblins
  9 hobgoblins
  8 jackals
  7 kobolds
  4 quokkas
  8 bats
  5 frilled lizards
  A jackal skeleton (D:7)
  A leopard gecko skeleton (D:9)
  7 rats
257 creatures vanquished.

Vanquished Creatures (others)
  Joseph (D:8)
  A troll (D:9)
  A hornet (D:8)
  Grum (D:8)
  A wyvern (D:8)
  An orc warrior (D:8)
  An ice beast (D:8)
  3 wolves (D:8)
  A worker ant (D:8)
  An adder (D:8)
  3 orcs (D:8)
  4 jackals (D:8)
19 creatures vanquished.

Grand Total: 276 creatures vanquished

Notes
Turn   | Place    | Note
-------+----------+-------------------------------------------
     0 | Abyss:1  | Ivan the Minotaur Abyssal Knight began the quest for the
                  | Orb.
     0 | Abyss:1  | Reached XP level 1. HP: 19/19 MP: 1/1
    38 | Abyss:1  | Found a blossoming altar of Fedhas.
    47 | Abyss:1  | Noticed a wight
    52 | Abyss:1  | Killed a wight
    52 | Abyss:1  | Reached XP level 2. HP: 9/28 MP: 2/2
    52 | Abyss:1  | Reached XP level 3. HP: 11/34 MP: 3/3
    97 | Abyss:1  | Reached XP level 4. HP: 19/41 MP: 4/4
    98 | Abyss:1  | Noticed a wretched star
   103 | Abyss:1  | Noticed a phantasmal warrior
   104 | D:1      | Escaped the Abyss
   112 | D:1      | Reached skill level 5 in Fighting
   146 | D:1      | Reached skill level 3 in Maces & Flails
   496 | D:1      | Reached * piety under Lugonu
   955 | D:2      | Noticed Terence
   971 | D:2      | Killed Terence
   971 | D:2      | Reached XP level 5. HP: 28/48 MP: 5/5
   998 | D:2      | Found a sacrificial altar of Ru.
  1113 | D:2      | Noticed Natasha
  1119 | D:2      | Killed Natasha
  1119 | D:2      | Reached skill level 4 in Maces & Flails
  1162 | D:2      | Noticed Natasha
  1167 | D:2      | Killed Natasha
  1439 | D:3      | Reached ** piety under Lugonu
  1441 | D:3      | Reached XP level 6. HP: 43/56 MP: 6/6
  1800 | D:3      | Noticed Ijyb
  1809 | D:3      | Killed Ijyb
  1809 | D:3      | Reached skill level 5 in Maces & Flails
  2173 | D:4      | Reached XP level 7. HP: 49/63 MP: 7/7
  2184 | D:4      | Reached skill level 6 in Maces & Flails
  2220 | D:4      | Found a blossoming altar of Fedhas.
  2329 | D:4      | Reached *** piety under Lugonu
  2363 | D:4      | Found a hazy altar of Hepliaklqana.
  2363 | D:4      | Found a faded altar of an unknown god.
  2368 | D:4      | Found a sparkling altar of Nemelex Xobeh.
  2370 | D:4      | Found an iron altar of Okawaru.
  2371 | D:4      | Found an opulent altar of Gozag.
  2377 | D:4      | Reached skill level 5 in Armour
  2483 | D:4      | Got a slimy mace
  2484 | D:4      | Identified the +6 mace "Concordance" {crush, *Noise rF++
                  | MR+ Int+4} (You found it on level 4 of the Dungeon)
  2614 | D:5      | Entered Level 5 of the Dungeon
  2628 | D:5      | Reached skill level 7 in Maces & Flails
  2670 | D:5      | Noticed Blork the orc
  2680 | D:5      | Killed Blork the orc
  2685 | D:5      | Reached XP level 8. HP: 30/71 MP: 7/9
  3092 | D:5      | Found a snail-covered altar of Cheibriados.
  3110 | D:5      | Noticed Duvessa
  3110 | D:5      | Noticed Dowan
  3123 | D:5      | Killed Duvessa
  3133 | D:5      | Killed Dowan
  3279 | D:5      | Reached skill level 8 in Maces & Flails
  3283 | D:5      | Found a hide-covered altar of Uskayaw.
  3399 | D:5      | Found a basalt altar of Yredelemnul.
  4037 | D:6      | Reached **** piety under Lugonu
  4052 | D:6      | Found an ornate altar of the Wu Jian Council.
  4147 | D:6      | Reached XP level 9. HP: 65/79 MP: 10/10
  4550 | D:7      | Reached skill level 9 in Maces & Flails
  4988 | D:7      | Reached skill level 5 in Dodging
  5114 | D:7      | Found a staircase to the Ecumenical Temple.
  5348 | D:8      | Corrupted D:8
  5348 | D:8      | Noticed a queen bee
  5348 | D:8      | a shapeshifter changed into a queen bee
  5348 | D:8      | Noticed a rust devil
  5348 | D:8      | Noticed a smoke demon
  5348 | D:8      | Noticed an Executioner
  5348 | D:8      | Noticed a smoke demon
  5349 | D:8      | Noticed a worldbinder
  5350 | D:8      | Noticed an ice devil
  5351 | D:8      | Noticed a tentacled starspawn
  5353 | D:8      | Killed Joseph
  5373 | D:8      | Noticed a white draconian knight
  5379 | D:8      | Killed Grum
  5627 | D:8      | Found a viscous altar of Jiyva.
  5708 | D:8      | Found a runed translucent door.
  5708 | D:8      | Found a shimmering altar of Xom.
  5708 | D:8      | Noticed elbee's ghost (novice MiBe)
  5712 | D:8      | Noticed a +1 whip of chaos
  5904 | D:9      | Reached skill level 5 in Invocations
  5904 | D:9      | Reached XP level 10. HP: 17/91 MP: 12/12
  5917 | D:9      | Reached skill level 10 in Maces & Flails
  6742 | D:10     | Entered Level 10 of the Dungeon
  7298 | D:10     | Reached skill level 10 in Fighting
  7459 | D:10     | Reached ***** piety under Lugonu
  7980 | D:10     | Reached skill level 10 in Armour
  8012 | D:10     | Found a staircase to the Lair.
  8034 | D:10     | Reached skill level 11 in Maces & Flails
  8034 | D:10     | Reached XP level 11. HP: 28/101 MP: 14/14
  8039 | D:10     | HP: 2/101 [warg (11)]
  8039 | D:10     | Killed from afar by an orc priest

Levels and vault maps discovered:
D:1:      erik_arrival_gehennom, layout_basic, dk_noncrumbling_4
D:2:      layout_rooms, nicolae_ru_sacrificial_ziggurat, uniq_terence,
          uniq_natasha
D:3:      layout_loops_ring, cheibrodos_sewer_entry_bend,
          kennysheep_pointless_box, uniq_ijyb
D:4:      layout_rooms, nicolae_overflow_crystal_walls,
          chequers_temple_overflow_minitemple
D:5:      layout_cave_pods, marbit_many_paths, eat_drink_and_be_merry_uskayaw,
          first_ration, kennysheep_slug_shrine, uniq_blork_the_orc, uniq_duvessa
D:6:      layout_basic, lemuel_doored_altar, kennysheep_doodads, minmay_bent
D:7:      layout_gridville, minmay_temple_entry_fiery
D:8:      layout_cave_pools, ebering_ghost_xom, hangedman_little_slice_of_home,
          uniq_grum, uniq_joseph
D:9:      layout_irregular_city
D:10:     layout_gridville, erik_lair_orcish_takeover
Abyss:1:  evilmike_abyss_exit_9

Skill      XL: |  1  2  3  4  5  6  7  8  9 10 |
---------------+-------------------------------+-----
Fighting       | 4 5 6 7 9 10 | 10.4
Invocations    | 2 3 5 6 |  6.1
Armour         | 3 4 5 7 8 10 | 10.0
Maces & Flails | 3 4 5 7 8 9 11 | 11.0
Dodging        | 2 3 4 5 6 |  6.8
Stealth        | |  0.5

Action                   |  1- 3 |  4- 6 |  7- 9 | 10-12 || total
-------------------------+-------+-------+-------+-------++-------
Melee: Mace              |     4 |   142 |   248 |   209 ||   603
       Headbutt          |     1 |    37 |    44 |    29 ||   111
       Morningstar       |       |    83 |    41 |       ||   124
Invok: Depart the Abyss  |       |     1 |       |       ||     1
       Corrupt           |       |       |     1 |       ||     1
       Banish            |       |       |       |     2 ||     2
  Use: Potion            |       |     4 |     4 |     4 ||    12
       Scroll            |       |     6 |     3 |     4 ||    13
  Eat: Chunk             |       |     4 |    10 |     4 ||    18
       Ration            |       |       |     1 |     1 ||     2
Armor: Chain mail        |       |    97 |    63 |       ||   160
       Leather armour    |       |    11 |       |       ||    11
       Skin              |       |    22 |       |       ||    22
       Plate armour      |       |       |    85 |   159 ||   244
Dodge: Dodged            |     2 |   117 |   121 |   118 ||   358

Table legend:
 A = Non-vault XP
 B = Vault XP
 C = Vault XP percentage of total XP
 D = Non-vault monster count
 E = Vault monster count
 F = Vault count percentage of total count
                 A         B        C        D         E       F
            +---------+---------+-------+---------+---------+-------
      Total |    9953 |    1180 |  10.6 |     227 |      31 |  12.0
            +---------+---------+-------+---------+---------+-------
        D:1 |      32 |      19 |  37.3 |      12 |       5 |  29.4
        D:2 |      78 |      72 |  48.0 |      22 |       2 |   8.3
        D:3 |     245 |      41 |  14.3 |      41 |       2 |   4.7
        D:4 |     557 |       0 |   0.0 |      19 |       0 |   0.0
        D:5 |     762 |     331 |  30.3 |      25 |       5 |  16.7
        D:6 |     552 |     343 |  38.3 |      16 |       7 |  30.4
        D:7 |    1217 |       0 |   0.0 |      18 |       0 |   0.0
        D:8 |      39 |     169 |  81.2 |       1 |       8 |  88.9
        D:9 |    4031 |       0 |   0.0 |      49 |       0 |   0.0
       D:10 |    2343 |     205 |   8.0 |      22 |       2 |   8.3
    Abyss:1 |      97 |       0 |   0.0 |       2 |       0 |   0.0
            +---------+---------+-------+---------+---------+-------
